 Dungeon Crawl Stone Soup version 0.28.0-47-ge53b351184 (webtiles) character file.

Game seed: 8793733696997561186

609 pkoi the Insei (level 6, 0/50 HPs)
             Began as a Demigod Fighter on May 3, 2022.
             Slain by an ogre
             ... wielding a +0 giant spiked club
              (10 damage)
             ... on level 4 of the Dungeon.
             The game lasted 00:05:44 (6208 turns).

pkoi the Insei (Demigod Fighter)                    Turns: 6208, Time: 00:05:44

Health: 0/50       AC:  9    Str: 17    XL:     6   Next: 99%
Magic:  8/8        EV: 12    Int: 16    God:
Gold:   25         SH:  5    Dex: 17    Spells: 5/5 levels left

rFire   . . .      SeeInvis .   w - +3 dagger of Peace {vamp, Int+2}
rCold   . . .      Faith    .   b - +0 buckler
rNeg    . . .      Spirit   .   a - +0 scale mail
rPois   +          Reflect  .   (no helmet)
rElec   .          Harm     .   (no cloak)
rCorr   .          Rampage  .   j - +1 pair of gloves
Will    .....                   d - +0 pair of boots
Stlth   ..........              (no amulet)
HPRegen 0.16/turn               h - +4 ring of evasion
MPRegen 0.11/turn               s - ring of poison resistance

@: no status effects
A: high MP 1, forlorn, divine attributes
a: no special abilities


You were on level 4 of the Dungeon.
You visited 1 branch of the dungeon, and saw 5 of its levels.

You collected 186 gold pieces.
You spent 161 gold pieces at shops.

Inventory:

Hand Weapons
 e - a +1 whip of protection
 f - a +0 dagger
 n - a +2 dagger of draining
 v - a +1 mace of draining
 w - the +3 dagger of Peace (weapon) {vamp, Int+2}
   (You bought it in a shop on level 1 of the Dungeon)

   It occasionally heals its wielder for a portion of the damage dealt when it
   wounds a living foe.
   Int:       It affects your intelligence (+2).
Missiles
 i - 3 silver javelins (quivered)
 k - 6 poisoned darts
Armour
 a - a +0 scale mail (worn)
 b - a +0 buckler (worn)
 d - a +0 pair of boots (worn)
 j - a +1 pair of gloves (worn)
Jewellery
 h - a +4 ring of evasion (left hand)
 l - a ring of fire
 m - a ring of protection from cold
 s - a ring of poison resistance (right hand)
Wands
 g - a wand of mindburst (16)
Scrolls
 q - a scroll of fog
 t - a scroll of identify
 u - a scroll of teleportation
Potions
 c - a potion of might
 o - a potion of curing
 p - a potion of invisibility
 r - a potion of heal wounds {unknown}


   Skills:
 - Level 2.6 Fighting
 - Level 2.6 Armour
 - Level 2.6 Shields
 * Level 6.7 Unarmed Combat
 + Level 2.6 Evocations


You had 5 spell levels left.
You didn't know any spells.
Your spell library contained the following spells:

 Spells                   Type           Power      Damage    Failure   Level
 Scorch                   Fire           0%         2d5       86%         2
 Flame Wave               Conj/Fire      0%         2d4       100%        4
 Summon Cactus Giant      Summ           0%         N/A       100%        6


Dungeon Overview and Level Annotations

Branches:
Dungeon (5/15)
 Temple: D:4-7

Shops:
D:1 (

Annotations:
D:4 1 runed translucent door, JumbleTraveling's ghost, amateur MfGl


Innate Abilities, Weirdness & Mutations

You have an increased reservoir of magic. (+10% MP)
You shall have no god before yourself.
Your divine heritage dramatically boosts your attributes as you level up.


Message History

An ufetubus comes into view.
The ufetubus shouts!
There is a stone staircase leading up here.
The ufetubus hits you but does no damage.
The ufetubus closely misses you.
You climb upwards.
Level annotation: 1 runed translucent door, JumbleTraveling's ghost, amateur MfGl
There is a stone staircase leading down here.
You hit the ogre.
The ogre is lightly wounded.
The ogre closely misses you.
You hit the ogre.
The ogre is moderately wounded.
The ogre barely misses you.
You hit the ogre.
The ogre is moderately wounded.
The ogre closely misses you.
You hit the ogre.
The ogre is moderately wounded.
The ogre barely misses you.
You hit the ogre.
The ogre is heavily wounded.
The ogre misses you.
You barely miss the ogre.
The ogre is heavily wounded.
You hit the ogre.
The ogre is severely wounded.
The ogre hits you but does no damage.
You hit the ogre.
The ogre is severely wounded.
The ogre hits you with a +0 giant spiked club!!
* * * LOW HITPOINT WARNING * * *
You completely miss the ogre.
The ogre is severely wounded.
The ogre hits you with a +0 giant spiked club!!
* * * LOW HITPOINT WARNING * * *
You hit the ogre.
The ogre is almost dead.
The ogre hits you with a +0 giant spiked club!
You die...

##....# #...........# #.##.#
#####.# ##.####^##..####.##.##
#)....# #.# ####...........#
..##### #.# #♣8♣#.....#..##.. .##
#.###W$.#..##.#..##.# .# ########
#...##+##..##........ .# #...##.#
#####...#..##....##.# .#
#._.##.#######O.........#..... .#
#...##.......@[.##..#...#.##.#
.####..##..............#...#.##.#
..##...##########....#.#...#.##..
.......# #.##..........#..
......## #.##.............
####### #.#.............. ###
#...#........##.. #.#
###...##...#.##.. #.#
##.###[..#.##..


You could see an ogre and JumbleTraveling's ghost.

Vanquished Creatures
  2 black bears (D:4)
  An ogre (D:4)
  A water moccasin skeleton (D:4)
  A jelly (D:3)
  An orc priest (D:4)
  An iguana (D:4)
  2 hound skeletons (D:4)
  7 adders
  2 adder skeletons (D:4)
  4 worms
  10 dart slugs
  5 orcs (D:4)
  8 ball pythons
  2 endoplasms (D:1)
  2 giant cockroaches (D:4)
  7 goblins
  5 hobgoblins
  7 jackals
  2 quokkas
  5 bats
  3 frilled lizards
  6 kobolds
  7 rats
91 creatures vanquished.

Notes
Turn   | Place    | Note
-------+----------+-------------------------------------------
     0 | D:1      | pkoi the Demigod Fighter began the quest for the Orb.
     0 | D:1      | Reached XP level 1. HP: 18/18 MP: 3/3
   109 | D:1      | Reached skill level 2 in Unarmed Combat
   867 | D:1      | Reached XP level 2. HP: 21/25 MP: 4/4
  1154 | D:1      | Reached skill level 3 in Unarmed Combat
  1689 | D:1      | Found Weurrul's Antique Weapon Emporium.
  2061 | D:2      | Reached XP level 3. HP: 20/30 MP: 5/5
  2423 | D:2      | Reached skill level 4 in Unarmed Combat
  2592 | D:2      | Reached XP level 4. HP: 26/37 MP: 6/6
  3904 | D:3      | Reached skill level 5 in Unarmed Combat
  3904 | D:3      | Reached XP level 5. HP: 31/42 MP: 7/7
  4623 | D:4      | Reached skill level 1 in Evocations
  4912 | D:4      | Reached XP level 6. HP: 50/50 MP: 8/8
  4976 | D:4      | Reached skill level 6 in Unarmed Combat
  5690 | D:4      | Found a runed translucent door.
  5691 | D:4      | Noticed JumbleTraveling's ghost (amateur MfGl)
  6112 | D:1      | Bought a polished dagger for 161 gold pieces
  6112 | D:1      | Identified the +3 dagger of Peace {vamp, Int+2} (You bought
                  | it in a shop on level 1 of the Dungeon)
  6189 | D:5      | Entered Level 5 of the Dungeon
  6208 | D:4      | Slain by an ogre

Illustrated notes

Levels and vault maps discovered:
D:1:      dpeg_arrival_three_bigger_balls, layout_basic, serial_shops,
          nicolae_shop_waterfront
D:2:      wander_river, layout_loops_ring
D:3:      kennysheep_slugbush, layout_basic, old_standard_altar
D:4:      black_bear_nest_2, layout_loops_ring,
          nicolae_hepliaklqana_hippocampus, gammafunk_ghost_grave
D:5:      layout_rooms, nicolae_uskayaw_murder_on_the_dancefloor, led_sif_pool

Skill      XL: |  1  2  3  4  5  6 |
---------------+-------------------+-----
Unarmed Combat | 2 3 4 5 6 |  6.7
Evocations     | 1 2 |  2.6
Fighting       | |  2.6
Armour         | |  2.6
Shields        | |  2.6

Action                   |  1- 3 |  4- 6 || total
-------------------------+-------+-------++-------
Melee: Whip              |   170 |   217 ||   387
       Unarmed           |     9 |       ||     9
       Dagger            |       |   126 ||   126
Throw: Javelin           |       |     2 ||     2
  Use: Scroll            |       |     7 ||     7
       Potion            |       |     2 ||     2
 Stab: Invisible         |       |     4 ||     4
Armor: Scale mail        |    95 |   197 ||   292
Dodge: Dodged            |    65 |   174 ||   239
Block: Buckler           |    54 |    95 ||   149
